| TOP OF THE 1ST |
|
Syracuse Chiefs batting - Pitching for Tidewater Tides : RHP Oscar Brito
|
|
Pitching: RHP Oscar Brito
|
|
|
Batting: SHB Larry Lintz
|
0-0: Ball 1-0: Called Strike 1-1: Fly out, F8 (Flyball, 8LS, EV 91.3 MPH)
|
|
Batting: RHB Phil Garner
|
0-0: Fly out, F9 (Flyball, 9, EV 86.9 MPH)
|
|
Batting: LHB Steve Stroughter
|
0-0: Called Strike 0-1: Called Strike 0-2: Ball 1-2: Foul Ball, location: 2F 1-2: Ball 2-2: SINGLE (Line Drive, 8RS, EV 110.0 MPH)
|
|
Batting: RHB Jim G Wilson
|
0-0: Ball 1-0: Foul Ball, location: 2F 1-1: Ball 2-1: Ball 3-1: Called Strike 3-2: Base on Balls Steve Stroughter to second
|
|
Batting: LHB Wayne Gross
|
0-0: Ball 1-0: Fielders Choice at 2nd, 6-4 (Groundball, 6, EV 79.4 MPH)
|
| Top of the 1st over - 0 runs, 1 hit, 0 errors, 2 left on base; Syracuse 0 - Tidewater 0 |
| BOTTOM OF THE 1ST |
|
Tidewater Tides batting - Pitching for Syracuse Chiefs : RHP Bart Johnson
|
|
Pitching: RHP Bart Johnson
|
|
|
Batting: RHB Juan Garcia
|
0-0: Fly out, F7 (Flyball, 78D, EV 100.6 MPH)
|
|
Batting: RHB German Rivera
|
0-0: Foul Ball, location: 2F 0-1: Called Strike 0-2: Ball 1-2: Strikes out swinging
|
|
Batting: RHB Brad Komminsk
|
0-0: Ball 1-0: Fly out, F6 (Flyball, 6D, EV 83.1 MPH)
|
| Bottom of the 1st over - 0 runs, 0 hits, 0 errors, 0 left on base; Syracuse 0 - Tidewater 0 |
| TOP OF THE 2ND |
|
Syracuse Chiefs batting - Pitching for Tidewater Tides : RHP Oscar Brito
|
|
Batting: RHB Bobby Grich
|
0-0: Called Strike 0-1: Foul Ball, location: 2F 0-2: Ball 1-2: Ball 2-2: Ball 3-2: Fly out, F7 (Flyball, 7LM, EV 84.4 MPH)
|
|
Batting: LHB Darryl Strawberry
|
0-0: Ball 1-0: Called Strike 1-1: Swinging Strike 1-2: Ball 2-2: Ball 3-2: Base on Balls
|
|
Batting: RHB Brian Asselstine
|
0-0: Ball 1-0: Ball 2-0: Called Strike 2-1: Called Strike 2-2: Ball 3-2: Fielders Choice at 2nd, 6-4 (Groundball, 6, EV 86.3 MPH)
|
|
Batting: SHB Butch Wynegar
|
0-0: Ball Brian Asselstine steals 2nd base 1-0: Foul Ball, location: 2F 1-1: Foul Ball, location: 2F 1-2: Strikes out swinging
|
| Top of the 2nd over - 0 runs, 0 hits, 0 errors, 1 left on base; Syracuse 0 - Tidewater 0 |
| BOTTOM OF THE 2ND |
|
Tidewater Tides batting - Pitching for Syracuse Chiefs : RHP Bart Johnson
|
|
Batting: LHB Dave Kable
|
0-0: Called Strike 0-1: Ball 1-1: Ball 2-1: Ball 3-1: Swinging Strike 3-2: Base on Balls
|
|
Batting: RHB Mike Rex
|
0-0: Called Strike 0-1: Ball 1-1: Swinging Strike Balk! Dave Kable to second 1-2: Strikes out looking
|
|
Batting: RHB George Gomez
|
0-0: Ball 1-0: Foul Ball, location: 2F 1-1: Foul Ball, location: 2F 1-2: Foul Ball, location: 2F 1-2: Foul Ball, location: 2F 1-2: Fly out, F8 (Flyball, 8RXD, EV 106.3 MPH) Runner from 2nd tags up, SAFE at 3rd, no throw by CF
|
|
Batting: RHB Thomas Walker
|
0-0: Ball Wild Pitch! Dave Kable scores 1-0: Called Strike 1-1: DOUBLE (Line Drive, 9LS, EV 111.3 MPH)
|
|
Batting: LHB Mike Martin
|
0-0: Ball 1-0: Swinging Strike Balk! Thomas Walker to third 1-1: Called Strike 1-2: Foul Ball, location: 2F 1-2: Foul Ball, location: 2F 1-2: Foul Ball, location: 2F 1-2: Ball 2-2: Foul Ball, location: 2F 2-2: Ball 3-2: Base on Balls
|
|
Batting: SHB Julio Valdez
|
0-0: Called Strike 0-1: Swinging Strike 0-2: Ball 1-2: Strikes out swinging
|
| Bottom of the 2nd over - 1 run, 1 hit, 0 errors, 2 left on base; Syracuse 0 - Tidewater 1 |
| TOP OF THE 3RD |
|
Syracuse Chiefs batting - Pitching for Tidewater Tides : RHP Oscar Brito
|
|
Batting: SHB Larry Lintz
|
0-0: Ball 1-0: Called Strike 1-1: Fly out, F9 (Flyball, 9S, EV 75.6 MPH)
|
|
Batting: RHB Phil Garner
|
0-0: Ball 1-0: Swinging Strike 1-1: Ball 2-1: Swinging Strike 2-2: Strikes out swinging
|
|
Batting: LHB Steve Stroughter
|
0-0: Called Strike 0-1: Ball 1-1: Foul Ball, location: 2F 1-2: Ground out U3 (Groundball, 3, EV 83.1 MPH)
|
| Top of the 3rd over - 0 runs, 0 hits, 0 errors, 0 left on base; Syracuse 0 - Tidewater 1 |
| BOTTOM OF THE 3RD |
|
Tidewater Tides batting - Pitching for Syracuse Chiefs : RHP Bart Johnson
|
|
Batting: RHB Juan Garcia
|
0-0: Foul Ball, location: 2F 0-1: Ball 1-1: Ball 2-1: Foul Ball, location: 2F 2-2: Ball 3-2: Strikes out swinging
|
|
Batting: RHB German Rivera
|
0-0: Ball 1-0: Foul Ball, location: 2F 1-1: Ball 2-1: Ball 3-1: Called Strike 3-2: Strikes out looking
|
|
Batting: RHB Brad Komminsk
|
0-0: Ball 1-0: Ball 2-0: Foul Ball, location: 2F 2-1: Called Strike 2-2: Ball 3-2: Foul Ball, location: 2F 3-2: Foul Ball, location: 2F 3-2: Base on Balls
|
|
Batting: LHB Dave Kable
|
0-0: Ball 1-0: Called Strike 1-1: Ball Brad Komminsk is caught stealing 2nd base 2-6
|
| Bottom of the 3rd over - 0 runs, 0 hits, 0 errors, 0 left on base; Syracuse 0 - Tidewater 1 |
| TOP OF THE 4TH |
|
Syracuse Chiefs batting - Pitching for Tidewater Tides : RHP Oscar Brito
|
|
Batting: RHB Jim G Wilson
|
0-0: Ball 1-0: Foul Ball, location: 2F 1-1: Swinging Strike 1-2: Ball 2-2: Ball 3-2: Strikes out swinging
|
|
Batting: LHB Wayne Gross
|
0-0: Swinging Strike 0-1: Ball 1-1: Ball 2-1: Swinging Strike 2-2: Foul Ball, location: 2F 2-2: Ground out U3 (Groundball, 3, EV 100.6 MPH)
|
|
Batting: RHB Bobby Grich
|
0-0: Ball 1-0: Foul Ball, location: 2F 1-1: Ball 2-1: Foul Ball, location: 2F 2-2: Ball 3-2: Base on Balls
|
|
Batting: LHB Darryl Strawberry
|
0-0: Ball 1-0: Fly out, F4 (Popup, 4M, EV 70.0 MPH)
|
| Top of the 4th over - 0 runs, 0 hits, 0 errors, 1 left on base; Syracuse 0 - Tidewater 1 |
| BOTTOM OF THE 4TH |
|
Tidewater Tides batting - Pitching for Syracuse Chiefs : RHP Bart Johnson
|
|
Batting: LHB Dave Kable
|
0-0: Called Strike 0-1: Foul Ball, location: 2F 0-2: Strikes out looking
|
|
Batting: RHB Mike Rex
|
0-0: Foul Ball, location: 2F 0-1: Swinging Strike 0-2: Ball 1-2: Ground out 4-3 (Groundball, 4M, EV 101.3 MPH)
|
|
Batting: RHB George Gomez
|
0-0: Called Strike 0-1: Called Strike 0-2: Ball 1-2: Ball 2-2: Fly out, F9 (Flyball, 89D, EV 88.8 MPH)
|
| Bottom of the 4th over - 0 runs, 0 hits, 0 errors, 0 left on base; Syracuse 0 - Tidewater 1 |
| TOP OF THE 5TH |
|
Syracuse Chiefs batting - Pitching for Tidewater Tides : RHP Oscar Brito
|
|
Batting: RHB Brian Asselstine
|
0-0: Foul Ball, location: 2F 0-1: Ball 1-1: Ground out 5-3 (Groundball, 56, EV 83.1 MPH)
|
|
Batting: SHB Butch Wynegar
|
0-0: Ball 1-0: Ball 2-0: Fly out, F6 (Line Drive, 6, EV 67.5 MPH)
|
|
Batting: SHB Larry Lintz
|
0-0: Foul Ball, location: 2F 0-1: Called Strike 0-2: Foul Ball, location: 2F 0-2: Ball 1-2: TRIPLE (Flyball, 9D, EV 96.3 MPH)
|
|
Batting: RHB Phil Garner
|
0-0: Foul Ball, location: 2F 0-1: Ground out 6-3 (Groundball, 6, EV 94.4 MPH)
|
| Top of the 5th over - 0 runs, 1 hit, 0 errors, 1 left on base; Syracuse 0 - Tidewater 1 |
| BOTTOM OF THE 5TH |
|
Tidewater Tides batting - Pitching for Syracuse Chiefs : RHP Bart Johnson
|
|
Batting: RHB Thomas Walker
|
0-0: Ground out 4-3 (Groundball, 4S, EV 87.5 MPH)
|
|
Batting: LHB Mike Martin
|
0-0: Ball 1-0: Foul Ball, location: 2F 1-1: Ball 2-1: Called Strike 2-2: Foul Ball, location: 2F 2-2: Foul Ball, location: 2F 2-2: SINGLE (Flyball, 78S, EV 92.5 MPH)
|
|
Batting: SHB Julio Valdez
|
0-0: Ball 1-0: Fielders Choice at 2nd, 4-6 (Groundball, 3, EV 85.0 MPH)
|
|
Batting: RHB Juan Garcia
|
0-0: Swinging Strike 0-1: Foul Ball, location: 2F 0-2: Foul Ball, location: 2F 0-2: Ball 1-2: Foul Ball, location: 2F 1-2: SINGLE (Line Drive, 7LS, EV 105.6 MPH) Julio Valdez to second
|
|
Batting: RHB German Rivera
|
0-0: Called Strike 0-1: Fly out, F9 (Flyball, 9LM, EV 78.1 MPH)
|
| Bottom of the 5th over - 0 runs, 2 hits, 0 errors, 2 left on base; Syracuse 0 - Tidewater 1 |
| TOP OF THE 6TH |
|
Syracuse Chiefs batting - Pitching for Tidewater Tides : RHP Oscar Brito
|
|
Batting: LHB Steve Stroughter
|
0-0: Ball 1-0: Swinging Strike 1-1: Swinging Strike 1-2: Ball 2-2: Ball 3-2: SINGLE (Flyball, 89S, EV 95.6 MPH)
|
|
Batting: RHB Jim G Wilson
|
0-0: Foul Ball, location: 2F 0-1: Called Strike 0-2: Strikes out looking
|
|
Batting: LHB Wayne Gross
|
0-0: Ball 1-0: Ground out 6-3 (Groundball, 6MS, EV 65.0 MPH) Steve Stroughter to second
|
|
Batting: RHB Bobby Grich
|
0-0: Ball 1-0: Ball 2-0: Foul Ball, location: 2F 2-1: Foul Ball, location: 2F 2-2: Ball 3-2: Base on Balls
|
|
Batting: LHB Darryl Strawberry
|
0-0: Ball 1-0: Called Strike 1-1: Foul Ball, location: 2F 1-2: Foul Ball, location: 2F 1-2: Strikes out swinging
|
| Top of the 6th over - 0 runs, 1 hit, 0 errors, 2 left on base; Syracuse 0 - Tidewater 1 |
| BOTTOM OF THE 6TH |
|
Tidewater Tides batting - Pitching for Syracuse Chiefs : RHP Bart Johnson
|
|
Batting: RHB Brad Komminsk
|
0-0: Ball 1-0: Called Strike 1-1: Ground out 5-3 (Groundball, 5L, EV 101.3 MPH)
|
|
Batting: LHB Dave Kable
|
0-0: Called Strike 0-1: Fly out, F1 (Popup, P, EV 76.9 MPH)
|
|
Batting: RHB Mike Rex
|
0-0: Called Strike 0-1: Ball 1-1: Foul Ball, location: 2F 1-2: Ground out 6-3 (Groundball, 6, EV 96.9 MPH)
|
| Bottom of the 6th over - 0 runs, 0 hits, 0 errors, 0 left on base; Syracuse 0 - Tidewater 1 |
| TOP OF THE 7TH |
|
Syracuse Chiefs batting - Pitching for Tidewater Tides : RHP Oscar Brito
|
|
Batting: RHB Brian Asselstine
|
0-0: Foul Ball, location: 2F 0-1: Ball 1-1: Called Strike 1-2: Foul Ball, location: 2F 1-2: Foul Ball, location: 2F 1-2: Ball 2-2: Ground out 5-3 (Groundball, 5, EV 82.5 MPH)
|
|
Batting: SHB Butch Wynegar
|
0-0: Called Strike 0-1: Ball 1-1: Ball 2-1: SINGLE (Groundball, 56S, EV 71.9 MPH) (infield hit)
|
|
Batting: SHB Larry Lintz
|
0-0: Foul Ball, location: 2F 0-1: Called Strike 0-2: Ball 1-2: Foul Ball, location: 2F 1-2: Ball 2-2: Ball 3-2: Foul Ball, location: 2F 3-2: Fielders Choice at 2nd, 6-4 (Groundball, 6S, EV 87.5 MPH)
|
|
Batting: RHB Phil Garner
|
0-0: Foul Ball, location: 2F 0-1: Ball 1-1: Ball 2-1: Ball 3-1: Foul Ball, location: 2F 3-2: Base on Balls Larry Lintz to second
|
|
Batting: LHB Steve Stroughter
|
0-0: Ball 1-0: Ball 2-0: Ball 3-0: Called Strike 3-1: Fly out, F9 (Flyball, 9, EV 90.6 MPH)
|
| Top of the 7th over - 0 runs, 1 hit, 0 errors, 2 left on base; Syracuse 0 - Tidewater 1 |
| BOTTOM OF THE 7TH |
|
Tidewater Tides batting - Pitching for Syracuse Chiefs : RHP Bart Johnson
|
|
Batting: RHB George Gomez
|
0-0: Called Strike 0-1: Fly out, F9 (Flyball, 89S, EV 86.3 MPH)
|
|
Batting: RHB Thomas Walker
|
0-0: Ball 1-0: Ball 2-0: Called Strike 2-1: Fly out, F8 (Flyball, 8LD, EV 90.6 MPH)
|
|
Batting: LHB Mike Martin
|
0-0: Ball 1-0: Fly out, F3 (Popup, 3L, EV 63.1 MPH)
|
| Bottom of the 7th over - 0 runs, 0 hits, 0 errors, 0 left on base; Syracuse 0 - Tidewater 1 |
| TOP OF THE 8TH |
|
Syracuse Chiefs batting - Pitching for Tidewater Tides : RHP Oscar Brito
|
|
Pitching: RHP Steve Murray
|
|
|
Batting: RHB Jim G Wilson
|
0-0: Ball 1-0: Ball 2-0: Ground out 6-3 (Groundball, 6, EV 102.5 MPH)
|
|
Batting: LHB Wayne Gross
|
0-0: Foul Ball, location: 2F 0-1: Foul Ball, location: 2F 0-2: Foul Ball, location: 2F 0-2: Strikes out swinging, 2-3 out at first.
|
|
Batting: RHB Bobby Grich
|
0-0: Ball 1-0: SINGLE (Line Drive, 56D, EV 93.8 MPH)
|
|
Pinch Runner at 1st Eddie Milner:
|
|
|
Batting: LHB Darryl Strawberry
|
0-0: Foul Ball, location: 2F 0-1: Ball 1-1: Ball 2-1: Foul Ball, location: 2F 2-2: Strikes out swinging
|
| Top of the 8th over - 0 runs, 1 hit, 0 errors, 1 left on base; Syracuse 0 - Tidewater 1 |
| BOTTOM OF THE 8TH |
|
Tidewater Tides batting - Pitching for Syracuse Chiefs : RHP Bart Johnson
|
|
Now at 2B: Jeff Doyle
|
|
|
Batting: SHB Julio Valdez
|
0-0: Called Strike 0-1: Ball 1-1: Swinging Strike 1-2: Foul Ball, location: 2F 1-2: Ball 2-2: Strikes out swinging
|
|
Pitching: LHP John Marshall
|
|
|
Batting: RHB Juan Garcia
|
0-0: Called Strike 0-1: Ball 1-1: Ball 2-1: TRIPLE (Flyball, 78XD, EV 103.8 MPH)
|
|
Batting: RHB German Rivera
|
0-0: Called Strike 0-1: Ground out 6-3 (Groundball, 6, EV 83.1 MPH)
|
|
Batting: RHB Brad Komminsk
|
0-0: Ball 1-0: Foul Ball, location: 2F 1-1: Ball 2-1: Foul Ball, location: 2F 2-2: Strikes out swinging
|
| Bottom of the 8th over - 0 runs, 1 hit, 0 errors, 1 left on base; Syracuse 0 - Tidewater 1 |
| TOP OF THE 9TH |
|
Syracuse Chiefs batting - Pitching for Tidewater Tides : RHP Steve Murray
|
|
Pitching: RHP Salome Barojas
|
|
|
Batting: RHB Brian Asselstine
|
0-0: Ball 1-0: Called Strike 1-1: Swinging Strike 1-2: Ball 2-2: Fly out, F4 (Flyball, 34D, EV 93.1 MPH)
|
|
Batting: SHB Butch Wynegar
|
0-0: Fly out, F8 (Line Drive, 8LM, EV 86.9 MPH)
|
|
Batting: SHB Larry Lintz
|
0-0: Swinging Strike 0-1: Called Strike 0-2: Strikes out swinging
|
| Top of the 9th over - 0 runs, 0 hits, 0 errors, 0 left on base; Syracuse 0 - Tidewater 1 |
|